 Dungeon Crawl Stone Soup version 0.30.1-9-gdf580d7c3d (webtiles) character file.

Game seed: 14498748350678822873

132 diecastcamel the Chopper (level 4, -8/35 HPs)
             Began as a Demonspawn Berserker on Oct 2, 2023.
             Was a Believer of Trog.
             Killed by divine providence
             ... invoked by an orc priest
              (13 damage)
             ... on level 4 of the Dungeon.
             The game lasted 00:09:21 (2670 turns).

diecastcamel the Chopper (Demonspawn Berserker)     Turns: 2670, Time: 00:09:21

Health: -8/35      AC: 15    Str: 20    XL:     4   Next: 92%
Magic:  4/4        EV:  8    Int:  8    God:    Trog [**....]
Gold:   90         SH:  0    Dex: 12    Spells: 3/3 levels left

rFire   . . .        a - +1 hand axe
rCold   . . .        (no shield)
rNeg    . . .        d - +0 shadow dragon scales
rPois   .            (no helmet)
rElec   .            (no cloak)
rCorr   .            (no gloves)
SInv    .            (no boots)
Will    ++...        (no amulet)
Stlth   ++           b - +4 ring of protection
HPRegen 1.25/turn    (no ring)
MPRegen 0.09/turn

%: no passive effects
@: mighty, strong-willed, regenerating
A: powered by pain 1
a: Renounce Religion, Berserk, Trog's Hand


You were on level 4 of the Dungeon.
You worshipped Trog.
Trog was pleased with you.
You visited 1 branch of the dungeon, and saw 4 of its levels.

You collected 90 gold pieces.

Inventory:

Hand Weapons
 a - a +1 hand axe (weapon)
 l - a +0 whip
Missiles
 f - 5 boomerangs (quivered)
 k - 8 poisoned darts
 m - 18 stones
Armour
 d - +0 shadow dragon scales (worn)
 q - the +0 robe of the Pits of Slime {rElec rCorr Dex-3}
   (You found it on level 4 of the Dungeon)

   Dex:       It affects your dexterity (-3).
   rElec:     It insulates you from electricity.
   rCorr:     It protects you from acid and corrosion.
Jewellery
 b - a +4 ring of protection (left hand)
Scrolls
 c - a scroll of immolation
 h - 4 scrolls of teleportation
 j - a scroll of enchant armour
 n - a scroll of poison {unknown}
 o - 2 scrolls of enchant weapon
Potions
 e - a potion of resistance {unknown}
 g - 2 potions of brilliance {unknown}
 i - 3 potions of curing {unknown}
 p - 2 potions of heal wounds {unknown}
 r - a potion of magic {unknown}


   Skills:
 - Level 3.0 Fighting
 + Level 5.2 Axes
 - Level 1.7 Armour
 - Level 1.7 Dodging


You had 3 spell levels left.
You didn't know any spells.
Your spell library was empty.

Dungeon Overview and Level Annotations

Branches:
Dungeon (4/15)
 Temple: D:4-7

Altars:


Innate Abilities, Weirdness & Mutations

You sometimes gain a little power by taking damage.


Message History

Throw: 5 boomerangs
Press: ? - help, Q - select action, (/) - cycle Shift-Dir - straight line, f/p - orc
Aim: an orc, wielding a +0 hand axe, wearing a +0 ring mail and quivering stones (61% to hit)
You throw a boomerang. The boomerang hits the orc.
You kill the orc!
Trog accepts your kill.
The orc priest miscasts a cantrip.
The hound bites you but does no damage.
Throw: 5 boomerangs
Press: ? - help, Q - select action, (/) - cycle Shift-Dir - straight line, f/p - orc
Aim: an orc, wielding a +0 hand axe, wearing a +0 ring mail and quivering stones (61% to hit)
You throw a boomerang. The boomerang hits the hound.
The hound is severely wounded.
The hound barely misses you. x2
You hit the hound but do no damage.
The hound is severely wounded.
The hound bites you but does no damage.
You closely miss the hound.
The hound is severely wounded.
The hound bites you but does no damage. x2
You hit the hound.
The hound is almost dead.
The hound bites you but does no damage.
The orc priest calls down the wrath of Beogh upon you.
Beogh smites you! The hound bites you but does no damage.
You barely miss the hound.
The hound is almost dead.
The orc priest invokes the aid of Beogh against you.
Beogh smites you!
* * * LOW HITPOINT WARNING * * *
You focus on the pain.
You feel very mighty all of a sudden. The hound closely misses you.
Okay, then.
Your skin crawls.
You feel strong-willed. The hound bites you but does no damage.
The orc priest calls down the wrath of Beogh upon you.
Beogh smites you!
You die...

.#......# #............. ##.
.##....)# ###.##........ #..
..#...#)# #.###'#####. #..#
##..#...#)# #...#.# ## .
#..##..##...#.# #...#.# #.
#......#o.#.#o# #...#.# #..
#....##h...#o#.###...#.#
....#....#....##h#.......#.#
#......o.#####@#.####..#.#
####o##### #.#.......#.#
#....# #.#.####.## #
......... #.#.# #.# ..
oo.......## #.#.#
##.######### ....##+#.#
#.#.# #........... .... .#
#.#.# ############ ...
.#######.#.# ...
...........#


You could see a hound, an orc priest and an orc.

Vanquished Creatures
  An orc priest (D:4)
  An orc wizard (D:4)
  An adder (D:2)
  An ufetubus (D:3)
  A worm (D:2)
  2 dart slugs (D:1)
  4 orcs (D:4)
  5 bats
  6 endoplasms
  2 giant cockroaches
  3 goblins
  2 hobgoblins
  3 jackals (D:1)
  3 quokkas
  4 ball pythons
  5 frilled lizards
  5 kobolds
  6 rats
55 creatures vanquished.

Notes
Turn   | Place    | Note
-------+----------+-------------------------------------------
     0 | D:1      | diecastcamel the Demonspawn Berserker began the quest for
                  | the Orb.
     0 | D:1      | Reached XP level 1. HP: 18/18 MP: 1/1
    94 | D:1      | Reached skill level 3 in Axes
   132 | D:1      | Gained mutation: You sometimes gain a little power by
                  | taking damage. [demonic ancestry]
   132 | D:1      | Reached XP level 2. HP: 24/24 MP: 2/2
   797 | D:1      | Reached XP level 3. HP: 29/29 MP: 3/3
   863 | D:1      | Reached ** piety under Trog
  1198 | D:2      | Found a faded altar of an unknown god.
  1305 | D:2      | Reached skill level 4 in Axes
  2414 | D:4      | Identified the +0 robe of the Pits of Slime {rElec rCorr
                  | Dex-3}
  2426 | D:4      | Reached XP level 4. HP: 35/35 MP: 4/4
  2553 | D:4      | Reached skill level 5 in Axes
  2670 | D:4      | Killed from afar by an orc priest

Illustrated notes

Levels and vault maps discovered:
D:1:      lemuel_arrival_river_bridge, layout_basic, chequers_decorated_corner
D:2:      layout_rooms, shapermc_ecumenical_altar_venn, chequers_big_river,
          nrook_mini_vaults
D:3:      layout_rooms, solitary_fountain
D:4:      layout_basic, minmay_misc_feat_iff, reono_crystal_passage

Skill      XL: |  1  2  3  4 |
---------------+-------------+-----
Axes           | 3 4 5 |  5.2
Fighting       | |  3.0
Armour         | |  1.7
Dodging        | |  1.7

Action                     |  1- 3 |  4- 6 || total
---------------------------+-------+-------++-------
  Melee: Hand axe          |   119 |    34 ||   153
         Punch             |     2 |     1 ||     3
  Throw: Boomerang         |     7 |     8 ||    15
         Stone             |     1 |       ||     1
 Invoke: Trog's Hand       |       |     2 ||     2
    Use: Scroll            |     5 |       ||     5
   Stab: Sleeping          |     6 |       ||     6
 Armour: Animal skin       |     4 |       ||     4
         Shadow dragon sca |    52 |    36 ||    88
         Leather armour    |     1 |       ||     1
  Dodge: Dodged            |    40 |    11 ||    51
